Map: Ever Dream LE

Players

Justivise - Winner!

  • Race: Protoss Protoss
  • League: Silver
  • Spawn Location: 7:00

antagomiR

  • Race: Protoss Protoss
  • League: Gold
  • Spawn Location: 1:00

VOD

Have the link to the VOD?

Description

Time

  • Played on: April 11, 2020, 4:34 p.m.
  • Length: 18:19
Show
View Real Time Build Order
Export as new Build Order

Justivise Protoss - Winner!

Build Orders: Carriers 

Get SALT Encoding   

  12  0:00  Probe  
  13  0:13  Probe  
  14  0:20  Pylon  
  14  0:25  Probe  
  15  0:38  Probe  
  15  0:40  Gateway  
  16  0:51  Forge  
  16  0:57  Probe  
  17  1:10  Probe  
  18  1:27  Cybernetics Core  
  18  1:39  Pylon  
  18  1:40  Assimilator  
  18  1:49  Assimilator  
  18  1:51  Probe  
  19  2:02  Photon Cannon  
  19  2:03  Probe  
  19  2:04  Photon Cannon  
  20  2:21  Warp Gate (Chrono Boost)  
  20  2:22  Probe  
  21  2:34  Probe  
  22  2:38  Shield Battery  
  22  2:46  Probe  
  22  2:48  Nexus  
  23  2:58  Probe  
  23  3:02  Protoss Shields Level 1  
  24  3:24  Pylon  
  24  3:26  Probe  
  25  3:40  Gateway  
  25  3:42  Gateway  
  25  3:46  Probe  
  26  3:58  Probe  
  27  4:04  Assimilator  
  27  4:05  Probe  
  27  4:06  Assimilator  
  28  4:17  Probe, Stalker  
  28  4:24  Pylon  
  31  4:28  Pylon  
  31  4:30  Probe  
  32  4:31  Pylon  
  32  4:42  Probe  
  33  4:47  Stalker x2  
  33  4:48  Protoss Air Weapons Level 1 (Chrono Boost)  
  37  4:54  Probe  
  38  5:07  Pylon  
  38  5:08  Pylon  
  38  5:10  Pylon  
  38  5:23  Probe  
  38  5:25  Probe  
  40  5:35  Probe  
  41  5:37  Probe  
  42  5:47  Probe  
  42  5:49  Probe  
  44  5:50  Twilight Council  
  44  5:52  Stargate  
  44  5:53  Stargate  
  44  5:59  Probe  
  44  6:01  Probe  
  47  6:11  Probe  
  47  6:12  Protoss Shields Level 2 (Chrono Boost)  
  47  6:13  Probe, Stargate  
  48  6:23  Probe  
  49  6:25  Probe  
  50  6:35  Probe  
  50  6:38  Probe  
  50  6:39  Protoss Air Armor Level 1 (Chrono Boost)  
  52  6:41  Stargate  
  52  6:45  Fleet Beacon  
  52  6:47  Probe  
  52  6:50  Probe  
  54  7:35  Robotics Facility  
  54  7:37  Tempest  
  54  7:39  Carrier  
  54  7:40  Tempest  
  70  7:50  Void Ray  
  74  8:33  Tempest  
  74  8:34  Nexus  
  79  8:37  Assimilator  
  79  8:41  Protoss Air Weapons Level 2 (Chrono Boost), Assimilator  
  79  8:55  Carrier  
  85  8:58  Void Ray  
  85  9:02  Nexus  
  89  9:05  Assimilator  
  89  9:10  Assimilator  
  89  9:21  Protoss Shields Level 3  
  89  9:35  Probe  
  89  9:36  Probe  
  91  9:48  Probe x2  
  93  10:00  Probe  
  94  10:07  Pylon  
  94  10:10  Pylon  
  94  10:11  Pylon  
  94  10:13  Probe x2  
  94  10:14  Pylon  
  96  10:17  Pylon  
  96  10:20  Pylon  
  96  10:22  Pylon  
  96  10:25  Probe x2, Tempest  
  96  10:26  Pylon, Carrier  
  96  10:27  Carrier  
  115  10:30  Pylon  
  115  10:37  Probe  
  115  10:42  Unknown  
  116  11:04  Protoss Air Armor Level 2 (Chrono Boost)  
  116  11:06  Nexus  
  116  11:12  Probe  
  116  11:15  Probe x2  
  119  11:24  Probe  
  120  11:27  Probe x2  
  122  11:36  Probe  
  122  11:39  Probe x2  
  125  11:48  Probe  
  125  11:51  Probe x2  
  128  12:00  Probe  
  129  12:03  Probe x2  
  131  12:10  Tempest  
  131  12:11  Carrier  
  131  12:12  Tempest, Carrier  
  131  12:14  Protoss Ground Weapons Level 1  
  153  12:16  Nexus  
  153  12:19  Assimilator  
  153  12:20  Assimilator  
  153  12:53  Probe x3, Tempest  
  161  13:04  Tempest  
  166  13:17  Protoss Air Weapons Level 3  
  166  13:22  Carrier  
  166  13:23  Carrier  
  178  14:38  Carrier x2  
  190  14:39  Carrier  
  196  14:47  Pylon  
  196  14:53  Pylon  
  196  14:56  Pylon  
  196  15:06  Protoss Ground Weapons Level 2  
  196  15:13  Nexus  
  196  15:19  Unknown  
  152  16:26  Tempest, Carrier x3  
  175  17:09  Tempest  
  180  17:24  Stalker  
  180  17:25  Stalker x2  
  186  17:30  Tempest  
Show
View Real Time Build Order
Export as new Build Order

antagomiR Protoss 

Build Orders: Chargelot Immortal 

Get SALT Encoding   

  12  0:01  Probe  
  13  0:13  Probe  
  14  0:18  Pylon  
  14  0:25  Probe  
  15  0:38  Gateway  
  15  0:40  Probe  
  16  0:52  Probe  
  16  0:54  Assimilator  
  17  1:04  Probe  
  18  1:17  Probe  
  19  1:23  Assimilator  
  19  1:27  Cybernetics Core  
  19  1:38  Pylon  
  19  1:41  Probe  
  20  1:53  Probe  
  21  1:59  Warp Gate (Chrono Boost)  
  21  2:07  Stalker  
  23  2:23  Nexus  
  23  2:27  Pylon  
  23  2:32  Probe  
  24  2:44  Probe  
  25  2:45  Stalker  
  27  3:01  Probe  
  28  3:09  Robotics Facility  
  28  3:12  Pylon  
  28  3:19  Stalker (Chrono Boost)  
  30  3:31  Probe  
  31  3:35  Probe  
  32  3:44  Probe  
  32  3:47  Probe  
  34  3:56  Probe  
  34  3:59  Probe  
  36  4:08  Probe  
  37  4:12  Probe  
  38  4:18  Assimilator  
  38  4:20  Probe, Assimilator  
  39  4:24  Probe  
  39  4:25  Gateway  
  39  4:26  Gateway  
  39  4:29  Pylon  
  40  4:32  Twilight Council  
  40  4:33  Probe  
  39  4:57  Stalker  
  39  5:08  Shield Battery  
  39  5:09  Shield Battery  
  39  5:15  Probe x2  
  41  5:21  Stalker  
  41  5:22  Stalker x2  
  41  5:27  Probe x2  
  49  5:33  Observer  
  50  5:38  Charge  
  50  5:39  Probe  
  50  5:40  Probe  
  52  5:50  Robotics Facility  
  52  5:51  Probe  
  52  5:55  Sentry x3, Observer  
  60  5:59  Probe  
  60  6:04  Probe  
  62  6:08  Pylon  
  62  6:11  Probe  
  63  6:16  Probe, Immortal  
  68  6:23  Probe  
  69  6:28  Probe  
  69  6:30  Pylon  
  69  6:31  Zealot  
  69  6:32  Pylon, Zealot x2  
  76  6:35  Probe  
  77  6:41  Forge  
  77  6:48  Immortal  
  81  6:59  Probe x2  
  83  7:11  Probe  
  84  7:17  Zealot x2  
  84  7:18  Nexus  
  84  7:19  Pylon  
  84  7:20  Protoss Ground Weapons Level 1 (Chrono Boost)  
  84  7:22  Pylon  
  88  7:29  Immortal  
  91  7:36  Probe x2  
  93  7:41  Shield Battery  
  93  7:48  Probe x2  
  95  7:53  Pylon  
  95  7:59  Immortal  
  95  8:00  Probe  
  100  8:05  Pylon  
  100  8:09  Probe  
  100  8:12  Probe  
  102  8:15  Observer  
  103  8:21  Probe  
  103  8:24  Probe  
  105  8:29  Assimilator  
  105  8:33  Assimilator  
  105  8:34  Shield Battery  
  105  8:36  Photon Cannon  
  105  8:38  Photon Cannon  
  105  8:39  Photon Cannon  
  105  8:41  Photon Cannon  
  105  8:46  Photon Cannon  
  105  8:51  Photon Cannon  
  105  8:59  Photon Cannon  
  105  9:01  Zealot  
  105  9:02  Zealot x2  
  111  9:05  Protoss Ground Weapons Level 2 (Chrono Boost), Immortal  
  111  9:06  Immortal  
  119  9:19  Gateway x2  
  119  9:28  Zealot  
  119  9:29  Zealot x2  
  125  9:36  Pylon  
  125  9:37  Pylon  
  119  10:00  Stalker x3  
  125  10:16  Photon Cannon  
  125  10:20  Pylon  
  125  10:23  Stalker x2  
  125  10:24  Stalker x3  
  135  10:30  Stargate  
  135  10:33  Stargate  
  135  10:37  Stargate  
  135  10:49  Pylon  
  135  10:51  Pylon, Stalker  
  135  10:52  Stalker x3  
  135  10:53  Stalker  
  145  11:06  Photon Cannon  
  145  11:24  Protoss Ground Armor Level 1  
  131  11:55  Void Ray x3  
  131  11:58  Stalker x2  
  147  12:18  Pylon  
  143  12:37  Void Ray x2  
  143  12:38  Void Ray (Chrono Boost)  
  143  12:42  Stalker  
  143  12:43  Stalker x4  
  165  12:57  Nexus  
  165  13:00  Pylon  
  165  13:03  Shield Battery  
  165  13:04  Shield Battery  
  165  13:17  Void Ray x2 (Chrono Boost)  
  165  13:19  Gateway  
  165  13:20  Gateway  
  173  13:30  Fleet Beacon  
  173  13:35  Stalker  
  175  13:46  Photon Cannon  
  175  13:47  Photon Cannon  
  175  14:04  Stalker x3  
  181  14:14  Pylon  
  181  14:15  Unknown  
  181  14:30  Protoss Air Weapons Level 1 (Chrono Boost)  
  181  14:41  Assimilator  
  181  14:57  Stalker x2  
  181  14:58  Stalker x2  
  189  15:04  Void Ray  
  171  15:48  Stalker x2  
  171  15:49  Stalker x3  
  97  16:04  Stalker x2  
  71  16:13  Void Ray x2 (Chrono Boost)  
  71  16:14  Void Ray (Chrono Boost)  
  71  16:19  Stalker  
  54  16:53  Void Ray x2 (Chrono Boost)  
  66  16:54  Void Ray (Chrono Boost)  
  66  17:10  Photon Cannon  
  66  17:12  Photon Cannon  
  66  17:26  Void Ray (Chrono Boost)  
  70  17:35  Void Ray (Chrono Boost)  
Tags
 
Matchup
PvP
Replay Pack
20200422
Spawn Locations
Cross Positions
Add a new tag
Caveats
  • Supply blocks, unpowered buildings, or Contaminate may cause inaccurate times.
  • Supply counts are checked every 10 seconds.